 Dungeon Crawl Stone Soup version 0.31-a0-408-gb642c7f9a3 (webtiles) character file.

Game seed: 11534636012118472216

370 Gelion the Changeling (level 6, -8/42 HPs)
             Began as an Octopode Shapeshifter on July 29, 2023.
             Mangled by hotbaconsauce's ghost (9 damage)
             ... on level 3 of the Dungeon.
             The game lasted 00:04:41 (2394 turns).

Gelion the Changeling (Octopode Shapeshifter)       Turns: 2394, Time: 00:04:42

Health: -8/42      AC:  1    Str: 14    XL:     6   Next: 70%
Magic:  6/6        EV: 13    Int: 11    God:
Gold:   138        SH:  0    Dex: 20    Spells: 5/5 levels left

rFire   . . .        d - +2 dagger (venom)
rCold   . . .        (no shield)
rNeg    . . .        (helmet currently unavailable)
rPois   .            (no amulet)
rElec   .            j - ring of resist corrosion
rCorr   +            k - +6 ring of dexterity
SInv    .            (no ring)
Will    .....        (no ring)
Stlth   +++          (no ring)
HPRegen 0.27/turn    (no ring)
MPRegen 0.10/turn    (no ring)
                     (no ring)

%: no passive effects
@: beast-form
A: beast (slay +3), almost no armour, amphibious, 8 rings, camouflage 1,
gelatinous body 1, (nimble swimmer 1), tentacles
a: Begin Untransformation


You were on level 3 of the Dungeon.
You were a hulking beast.
You visited 1 branch of the dungeon, and saw 3 of its levels.

You collected 138 gold pieces.

Inventory:

Hand Weapons
 d - a +2 dagger of venom (weapon)
Jewellery
 j - a ring of resist corrosion (left tentacle)
 k - a +6 ring of dexterity (right tentacle)
Talismans
 b - a beast talisman
Scrolls
 h - a scroll of teleportation
 i - a scroll of identify
Potions
 a - a potion of lignification
 c - a potion of haste
 e - a potion of curing
 f - a potion of heal wounds
 g - a potion of mutation


   Skills:
 + Level 3.2 Fighting
 - Level 2.0 Dodging
 + Level 4.4 Unarmed Combat
 * Level 4.9 Shapeshifting


You had 5 spell levels left.
You didn't know any spells.
Your spell library contained the following spells:

 Spells                   Type           Power      Damage    Failure   Level
 Sting                    Tmut/Pois      0%         1d3       34%         1
 Poisonous Vapours        Pois/Air       0%         N/A       47%         2
 Ignite Poison            Fire/Tmut/Pois 0%         N/A       71%         3
 Olgreb's Toxic Radiance  Pois           0%         N/A       98%         4
 Sticky Flame             Conj/Fire      0%         2d3       98%         4
 Ignition                 Fire           0%         3d3       100%        8


Dungeon Overview and Level Annotations

Branches:
Dungeon (3/15)

Altars:

Annotations:
D:3 hotbaconsauce's ghost, amateur MiFi; superpeng's ghost, weakling DrFE


Innate Abilities, Weirdness & Mutations

You are a hulking beast.
Your limbs bulge with bestial killing power. (Slay +3)
You cannot wear most types of armour.
You are amphibious.
You can wear up to eight rings at the same time.
Your skin changes colour to match your surroundings (Stealth+).
Your rubbery body absorbs attacks. (AC +1, EV +1)
((You are camouflaged when in or above water. (Stealth+)))
You have tentacles for arms and can constrict up to eight enemies at once.


Message History

Bahustanut's ghost attacks as you move away!
Bahustanut's ghost misses you.
You hit bahustanut's ghost.
Bahustanut's ghost is lightly damaged.
Bahustanut's ghost closely misses you.
You hit bahustanut's ghost.
Bahustanut's ghost is moderately damaged.
Bahustanut's ghost hits you.
You hit bahustanut's ghost.
Bahustanut's ghost is heavily damaged.
Bahustanut's ghost hits you.
You hit bahustanut's ghost.
Bahustanut's ghost is severely damaged.
Bahustanut's ghost hits you.
You hit bahustanut's ghost.
Bahustanut's ghost is almost destroyed.
Bahustanut's ghost misses you.
You puncture bahustanut's ghost!
You destroy bahustanut's ghost!
You hit hotbaconsauce's ghost but do no damage.
Your squeeze misses hotbaconsauce's ghost.
Hotbaconsauce's ghost closely misses you.
You hit hotbaconsauce's ghost. You squeeze hotbaconsauce's ghost!
Hotbaconsauce's ghost is moderately damaged.
Hotbaconsauce's ghost whispers, "Meet the emptiness of death!"
Hotbaconsauce's ghost hits you!
* * * LOW HITPOINT WARNING * * *
You puncture hotbaconsauce's ghost!
You squeeze hotbaconsauce's ghost, but do no damage.
Hotbaconsauce's ghost is heavily damaged.
Hotbaconsauce's ghost closely misses you.
You hit hotbaconsauce's ghost.
Hotbaconsauce's ghost is severely damaged.
Hotbaconsauce's ghost hits you!
* * * LOW HITPOINT WARNING * * *
As you read the scroll of fog, it dissolves into smoke.
Hotbaconsauce's ghost closely misses you.
Hotbaconsauce's ghost attacks as you move away!
Hotbaconsauce's ghost hits you!
You die...

##.....#####.######........#
.#......................####
.......######.#####.....#
#####..# #.#######.### .......#
#.##..)†..# ####
#####.#######.##.#############...
# #..........§§§...............
########......##§##.##########...
.........####.##h####### ##.#
########## #.##W##♣⌠♣(## #.#
#############.##W§#....8# #.#
..............##..#.....) #.#
#############.##..'...... #.#
#.....'.....8 #.# ####..'.....!
#.# #..#...... #.# #.(#....8# #..


You could see hotbaconsauce's ghost and superpeng's ghost.

Vanquished Creatures
  An ogre (D:3)
  The ghost of bahustanut the Insei, an amateur OpSh (D:3)
  A scorpion (D:3)
  A hound (D:2)
  6 adders
  A worm (D:3)
  A dart slug (D:1)
  An orc (D:3)
  8 endoplasms
  A giant cockroach (D:1)
  4 goblins
  11 hobgoblins
  5 kobolds
  2 quokkas
  5 ball pythons
  3 bats
  5 frilled lizards
  7 rats
64 creatures vanquished.

Notes
Turn   | Place    | Note
-------+----------+-------------------------------------------
     0 | D:1      | Gelion the Octopode Shapeshifter began the quest for the
                  | Orb.
     0 | D:1      | Reached XP level 1. HP: 13/13 MP: 1/1
    87 | D:1      | Reached XP level 2. HP: 9/18 MP: 2/2
   441 | D:1      | Reached XP level 3. HP: 20/23 MP: 3/3
  1078 | D:2      | Reached XP level 4. HP: 29/29 MP: 4/4
  1532 | D:3      | Reached XP level 5. HP: 28/35 MP: 5/5
  1598 | D:3      | Found a runed translucent gate.
  1598 | D:3      | Found a runed translucent gate.
  1656 | D:3      | Found a runed translucent gate.
  1657 | D:3      | Noticed superpeng's ghost (weakling DrFE)
  1658 | D:3      | Noticed bahustanut's ghost (amateur OpSh)
  1658 | D:3      | Noticed hotbaconsauce's ghost (amateur MiFi)
  1746 | D:3      | Noticed an ogre
  1759 | D:3      | Killed an ogre
  1953 | D:3      | Reached XP level 6. HP: 41/41 MP: 6/6
  2155 | D:3      | Found a faded altar of an unknown god.
  2388 | D:3      | Killed bahustanut's ghost
  2392 | D:3      | HP: 1/42 [hotbaconsauce's ghost (8)]
  2394 | D:3      | Mangled by hotbaconsauce's ghost

Illustrated notes

Levels and vault maps discovered:
D:1:      erik_arrival_cave_to_civilisation [erik_arrival_cave_to_hall],
          layout_loops_ring, corexii_hall_statues_t
D:2:      layout_rooms
D:3:      layout_loops_ring, gammafunk_ghost_cemetery,
          chequers_ecumenical_altar_twisty

Skill      XL: |  1  2  3  4  5  6 |
---------------+-------------------+-----
Fighting       | 2 3 |  3.2
Shapeshifting  | 4 |  4.9
Unarmed Combat | 4 |  4.4
Dodging        | |  2.0

Action                     |  1- 3 |  4- 6 || total
---------------------------+-------+-------++-------
  Melee: Unarmed           |    20 |       ||    20
         Constrict         |    18 |     7 ||    25
         Tentacles         |    15 |    13 ||    28
         Dagger            |    36 |    69 ||   105
         Punch             |     2 |       ||     2
    Use: Scroll            |     3 |    10 ||    13
   Stab: Sleeping          |     3 |     6 ||     9
 Armour: Skin              |     4 |     2 ||     6
  Dodge: Dodged            |    31 |    33 ||    64

Table legend: (Time is in decaauts)
 A = Elapsed time spent in this place.
 B = Non-inter-level travel time spent in this place.
 C = Inter-level travel time spent in this place.
 D = Time resting spent in this place.
 E = Time spent auto-exploring this place.
 F = Levels seen in this place.
 G = Mean time per level.
                   A        B        C        D        E       F      G
               +--------+--------+--------+--------+--------+-----+--------+
         Total |   2391 |   2301 |     90 |    100 |   1832 |   3 |  797.0 |
       Dungeon |   2391 |   2301 |     90 |    100 |   1832 |   3 |  797.0 |
               +--------+--------+--------+--------+--------+-----+--------+

Top non-repeatable levels by time:
     D:1: 990 daAuts
     D:3: 890 daAuts
     D:2: 510 daAuts
